zoologist, lawful male human Archeologist ------ ------ $ |....-# ------- |....+ |....|###########|......####.....| |....|# |...>.| |....| |....|# |....[| ------ |<..(|# --|---- |....|### # $ + -|-.--# # # ## ############# #*## ##### ### ########## #### #### # ### ---.--.-- # # # # |.......| # ####### # #$# |.......| ( ### -.-|- I |I......| $$ ----|-- # |...| #II.......| $ $$ |.....| ###|...| --------- |?+.!(| #|...| $ $ |![.!.| ----- ------- zoologist the Field Worker Experience level: 3 Strength: 11 Dexterity: 11 Constitution: 16 Intelligence: 12 Wisdom: 18 Charisma: 11 Health: 0(26) Energy: 16(16) Def: 8 Gold: 1108 Moves: 2799 Dungeon seed: czGdkrkaCtCpldfL Game ID: zoologist_1526356900 Your Inventory: Coins $ - 1108 gold pieces Weapons a - a burnt +2 bullwhip (weapon in hand) D - a +0 dagger K - 4 +0 darts Armor J - a blessed +3 scale mail (being worn) N - a blessed +0 helm of brilliance (being worn) Comestibles M - an uncursed egg Scrolls E - an uncursed scroll of magic mapping Potions k - an uncursed potion of gain energy t - an uncursed potion of acid A - an uncursed potion of gain level F - a blessed potion of invisibility G - an uncursed potion of levitation H - an uncursed potion of blindness Tools d - a tinning kit (0:88) f - an uncursed sack o - an uncursed tin whistle x - an uncursed towel I - an uncursed mirror Gems q - an uncursed touchstone r - 5 uncursed rocks y - an uncursed opal z - 6 uncursed worthless pieces of black glass Y - an uncursed worthless piece of red glass Contents of the sack: a potion of holy water Spells and supernatural/magical abilities: Name Level Category Fail Memory W - pray for help -- divine ? -- Your skills at the end: Fighting Skills Weapon Skills pick-axe [Basic] whip [Basic] Spellcasting Skills Final Attributes: You were piously aligned. You were blinded. You were stealthy. You were fast. You are dead. Vanquished creatures: a kobold lord a giant bat an iguana 4 acid blobs a gas spore a hobbit a large kobold 6 giant rats 2 yellow molds a red mold a gecko 6 jackals 2 kobolds 6 sewer rats a grid bug 3 lichens a kobold zombie 4 newts 43 creatures vanquished. Voluntary challenges: You had been an atheist until turn 2555. You used a wielded weapon 36 times, starting on turn 26. You read items or engraved 6 times, starting on turn 585. You never genocided any monsters. You never polymorphed an object. You never changed form. You used no wishes. You never split a pudding. You never wrote Elbereth's name. You violated your moral code, losing 2 points of alignment, starting on turn 1935. Dungeon overview: The Dungeons of Doom: levels 1 to 6 Level 1 a long staircase Level 2 a fountain Level 3 a long staircase Level 4 some fountains, a sink Level 5 <- You were here a general store, an altar to Huhetotl Level 6 some fountains History has recorded: On T:1 you entered the Dungeons of Doom to retrieve the Amulet of Yendor! On T:601 you reached level 2 of The Dungeons of Doom. On T:1275 you reached level 3 of The Dungeons of Doom. On T:1623 you advanced to experience level 2. On T:1917 you reached level 4 of The Dungeons of Doom. On T:2243 you reached level 6 of The Dungeons of Doom. On T:2365 you advanced to experience level 3. On T:2538 you reached level 5 of The Dungeons of Doom. Score breakdown: Gold: 1108 (10357 points) Experience: 3 levels ( 7878 points) Exploration: 6 levels ( 11.76%) ( 9486 points) Discoveries: 8 items ( 2.68%) ( 4915 points) Valuables value: (no points given unless you survive) Artifact value: 0 ( 0 points) Variety of kills: 18 monsters ( 4.72%) ( 6520 points) Turncount: 2799 turns ( -497 points) Survival: died (score multiplied by 80%) Total score: 30927 Latest messages: The cave spider misses. The giant rat bites! You kill the giant rat! The Kop Sergeant throws a cream pie! The cream pie misses the cave spider. You are hit by a cream pie. Yecch! You've been creamed. What a mess! Use the command #wipe to clean your face. It bites! You try to feel what is lying here on the ground. There are a few objects here. Wait! There's something there you can't see! It misses. (2x) As you pronounce the formula on it, the scroll disappears. You feel very greedy, and sense gold! It misses. You write in the dust with your fingers. It misses. (2x) You hear a nearby zap. The bolt of fire hits you! Your bullwhip smoulders! You die... Inuvik comes and takes the 9 zorkmids you owed him. Final status: Goodbye zoologist the Archeologist, killed by a bolt of fire... You died in The Dungeons of Doom on dungeon level 5 with 30927 points, and 1108 pieces of gold, after 2799 moves. You were level 3 with a maximum of 26 hit points when you died.